 Dungeon Crawl Stone Soup version 0.30.1-3-gfc49f6343a (webtiles) character file.

Game seed: 13044153760035401814

128 zimm66 the Ruffian (level 4, -3/44 HPs)
             Began as a Troll Fighter on July 23, 2023.
             Slain by Grinder (5 damage)
             ... on level 3 of the Dungeon.
             The game lasted 00:20:19 (1842 turns).

zimm66 the Ruffian (Troll Fighter)                  Turns: 1842, Time: 00:20:20

Health: -3/44      AC:  4    Str: 26    XL:     4   Next: 86%
Magic:  3/3        EV:  9    Int:  4    God:
Gold:   159        SH:  7    Dex:  9    Spells: 3/3 levels left

rFire   . .          .
                       - Unarmed
rCold   . . .        b - +0 kite shield
rNeg    . . .        a - +0 robe
rPois   .            (helmet restricted)
rElec   .            (no cloak)
rCorr   .            (gloves unavailable)
SInv    .            (boots unavailable)
Will    .....        (no amulet)
Stlth   +            f - ring of wizardry
HPRegen 1.07/turn    (no ring)
MPRegen 0.08/turn

%: wizardry (x1)
@: no status effects
A: large, unfitting armour, claws 3, regeneration 1, shaggy fur 1, tough skin 1
a: no special abilities


You were on level 3 of the Dungeon.
You visited 1 branch of the dungeon, and saw 3 of its levels.

You collected 179 gold pieces.
You spent 20 gold pieces at shops.

Inventory:

Armour
 a - a +0 robe (worn)
 b - a +0 kite shield (worn)
Jewellery
 f - a ring of wizardry (left claw)
 g - a ring of flight
 q - an amulet of reflection
Scrolls
 e - 5 scrolls of teleportation {unknown}
 h - a scroll of noise {unknown}
 i - 2 scrolls of enchant weapon {unknown}
 j - a scroll of amnesia {unknown}
 m - a scroll of immolation {unknown}
 o - 3 scrolls of identify
 r - a scroll of fear {unknown}
 s - a scroll of vulnerability {unknown}
Potions
 c - a potion of might
 d - a potion of resistance {unknown}
 k - a potion of heal wounds {unknown}
 l - a potion of curing {unknown}
 n - a potion of magic {unknown}
 p - 2 potions of brilliance {unknown}


   Skills:
 + Level 2.9 Fighting
 + Level 2.9 Dodging
 + Level 0.2 Stealth
 + Level 3.1 Shields
 + Level 3.7 Unarmed Combat


You had 3 spell levels left.
You didn't know any spells.
Your spell library contained the following spells:

 Spells                   Type           Power      Damage    Failure   Level
 Blink                    Tloc           0%         N/A       54%         2
 Call Canine Familiar     Summ           0%         N/A       77%         3
 Portal Projectile        Hex/Tloc       0%         N/A       77%         3
 Leda's Liquefaction      Hex/Erth       0%         N/A       98%         4
 Manifold Assault         Tloc           0%         N/A       98%         4
 Storm Form               Tmut/Air       0%         N/A       100%        7


Dungeon Overview and Level Annotations

Branches:
Dungeon (3/15)

Altars:

Shops:
D:2 ?

Annotations:
D:3 Grinder


Innate Abilities, Weirdness & Mutations

You are too large for most types of armour.
You have claws for hands.
Your natural rate of healing is unusually fast.
You are covered in fur. (AC +1)
You have tough skin. (AC +1)


Message History

You scratch Grinder but do no damage. You block Grinder's attack.
You scratch Grinder.
Grinder is lightly wounded.
Grinder blinks!
Grinder hits you.
You writhe in agony.
You scratch Grinder.
Grinder is lightly wounded.
You block Grinder's attack.
You closely miss Grinder.
Grinder is lightly wounded.
Grinder gestures at you. Pain shoots through your body!
You closely miss Grinder.
Grinder is lightly wounded.
Grinder gestures at you. Pain shoots through your body!
You claw Grinder!
Grinder is moderately wounded.
Grinder hits you.
You writhe in agony.
* * * LOW HITPOINT WARNING * * *
You scratch Grinder but do no damage.
Grinder is moderately wounded.
Grinder barely misses you.
Grinder blinks!
Grinder attacks as you move away! Grinder hits you.
* * * LOW HITPOINT WARNING * * *
Grinder gestures at you.
You suddenly lose the ability to move!
Grinder hits you but does no damage. Grinder hits you.
You can move again.
Grinder blinks!
Grinder attacks as you move away! Grinder hits you!
* * * LOW HITPOINT WARNING * * *
You writhe in agony.
* * * LOW HITPOINT WARNING * * *
Grinder attacks as you move away! Grinder hits you.
* * * LOW HITPOINT WARNING * * *
You writhe in agony.
You die...

#.##....# ....~~###.#
#.##.##.# ....~≈ #.###
#.......# #.#.≈ #...#
#.....).# #.#.# ###.#
#.##.##.# ##.#.# #.#
#.##.##.#####.#..######.#
#.##.........###......#.#
#.#####.#.....#5......#.#
###.#####.#.#...@..#.##.#.#
..........#.#..##.........#
##
######.####.#.........#.###
#. #.# #.#.##........# #.
##.####.#.#.........# ##.
....##........###### ####..
# #.#.######...##
#######..... ###.##...#
#...# #...........
....)...#
#...####.#.###.#.##


You could see Grinder.

Vanquished Creatures
  3 adders
  3 worms (D:3)
  2 dart slugs
  12 orcs
  5 bats
  10 endoplasms
  3 giant cockroaches
  5 goblins
  5 hobgoblins
  4 jackals (D:1)
  3 quokkas
  3 ball pythons
  A frilled lizard (D:2)
  3 kobolds (D:1)
  4 rats
66 creatures vanquished.

Notes
Turn   | Place    | Note
-------+----------+-------------------------------------------
     0 | D:1      | zimm66 the Troll Fighter began the quest for the Orb.
     0 | D:1      | Reached XP level 1. HP: 22/22 MP: 0/0
   208 | D:1      | Reached XP level 2. HP: 29/29 MP: 1/1
   638 | D:1      | Reached XP level 3. HP: 36/36 MP: 2/2
   847 | D:2      | Identified the +3 dagger of the Open Hand {elec, rC+ Int+3
                  | Dex-3 SInv}
  1000 | D:2      | Reached XP level 4. HP: 44/44 MP: 3/3
  1158 | D:2      | Found Uddo's Magic Scroll Emporium.
  1176 | D:2      | Bought a scroll of identify for 20 gold pieces
  1801 | D:3      | Noticed Grinder
  1834 | D:3      | Paralysed by Grinder for 4 turns
  1842 | D:3      | HP: 2/44 [Grinder (4)]
  1842 | D:3      | Slain by Grinder

Illustrated notes

Levels and vault maps discovered:
D:1:      dpeg_arrival_radiant, layout_basic
D:2:      layout_basic, serial_shops, nicolae_shop_tiny_real_fake_doors,
          minmay_tripent
D:3:      layout_loops_cross, st_stairs_7, chequers_serial_rivers_small_a,
          uniq_grinder

Skill      XL: |  1  2  3 |
---------------+----------+-----
Shields        | 3 |  3.1
Unarmed Combat | 3 |  3.7
Fighting       | |  2.9
Dodging        | |  2.9
Stealth        | |  0.2

Action                     |  1- 3 |  4- 6 || total
---------------------------+-------+-------++-------
  Melee: Unarmed           |    84 |    83 ||   167
   Stab: Sleeping          |     1 |     1 ||     2
 Armour: Robe              |    28 |    10 ||    38
  Dodge: Dodged            |    20 |    23 ||    43
  Block: Kite shield       |    21 |    21 ||    42
